AoeStats
← 8Kram

Arabia

506235898Analyzed
1v1 RM · 21d ago on Sep 12, 2026· 47m 3s· 2 players
Game mode
Random Map
Map size
Tiny (2 player)
Population
200
Speed
Normal
Resources
Standard
Victory
Conquest
Starting age
Dark Age
Ending age
Imperial Age
RankedLock teamsTeams togetherTeam positionsShared explorationLock speedFull tech treeHidden civsTurbo modeCheats
Victory
Defeat
🇧🇴 Slavs · Bolivia
1128
+15
🇫🇮 Portuguese · Finland
1106
-15
BATSOUP
8:18 Loom
10:22 Feudal Age
12:34 Double-Bit Axe
17:27 Castle Age
17:22 Bloodlines
17:40 Scale Barding Armor
21:00 Bow Saw
25:07 Forging
26:02 Scale Mail Armor
25:32 Man-at-Arms
26:24 Long Swordsman
27:34 Chain Mail Armor
27:59 Iron Casting
27:50 Gambesons
27:53 Arson
30:15 Chain Mail Armor
36:11 Fletching
36:22 Padded Archer Armor
39:19 Imperial Age
36:31 Crossbowman
37:38 Bodkin Arrow
38:24 Leather Archer Armor
39:45 Wheelbarrow
40:20 Conscription
40:22 Bracer
43:11 Ring Archer Armor
43:15 Ballistics
44:57 Thumb Ring
8Kram
7:13 Loom
9:25 Feudal Age
10:09 Man-at-Arms
12:09 Horse Collar
16:04 Wheelbarrow
20:18 Castle Age
19:07 Double-Bit Axe
19:17 Gold Mining
20:27 Scale Mail Armor
20:37 Pikeman
24:19 Heavy Plow
25:04 Bow Saw
28:00 Forging
28:14 Town Watch
29:01 Chain Mail Armor
29:24 Iron Casting
31:32 Gold Shaft Mining
32:39 Scale Barding Armor
35:00 Stone Mining
37:10 Bloodlines
37:46 Detinets
41:59 Imperial Age
40:05 Hand Cart
40:48 Chain Barding Armor
41:29 Husbandry
41:53 Squires
41:13 Long Swordsman
43:03 Chain Mail Armor
43:45 Plate Barding Armor
43:27 Elite Boyar
Connection lost

Rejoining the realm…

Still unreachable

The connection could not be restored.

Session expired

The server has moved on; the page needs a fresh start.